 Dungeon Crawl Stone Soup version 0.30-a0-881-g1ff12e1e11 (webtiles) character file.

Game seed: 16781523561394385343

240 Dittersdorf the Covered (level 6, -4/39 HPs)
             Began as a Gargoyle Fighter on Mar 14, 2023.
             Slain by Natasha (7 damage)
             ... on level 3 of the Dungeon.
             The game lasted 00:02:32 (2678 turns).

Dittersdorf the Covered (Gargoyle Fighter)          Turns: 2678, Time: 00:02:33

Health: -4/39      AC: 11    Str: 22    XL:     6   Next: 8%
Magic:  6/6        EV:  9    Int:  8    God:
Gold:   116        SH:  4    Dex:  9    Spells: 5/5 levels left

rFire   . . .      SeeInvis .    a - +0 flail
rCold   . . .      Faith    .    c - +0 buckler
rNeg    + . .      Spirit   .    b - +0 scale mail
rPois   ∞          Reflect  .    (no helmet)
rElec   +          Rampage  .    (no cloak)
rCorr   .                        (no gloves)
Will    .....                    (no boots) Stlth
                                 (no amulet)
HPRegen 0.26/turn                (no ring)
MPRegen 0.10/turn                (no ring)

@: slowed, very slow
A: sickness immunity, AC +4, negative energy resistance 1, electricity
resistance, torment resistance 1, petrification resistance
a: no special abilities


You were on level 3 of the Dungeon.
You visited 1 branch of the dungeon, and saw 3 of its levels.

You collected 116 gold pieces.

Inventory:

Hand Weapons
 a - a +0 flail (weapon)
Armour
 b - a +0 scale mail (worn)
 c - a +0 buckler (worn)
Scrolls
 g - 3 scrolls of magic mapping {unknown}
 h - a scroll of fear {unknown}
 i - a scroll of amnesia {unknown}
 j - 4 scrolls of identify {unknown}
 k - 2 scrolls of noise {unknown}
 l - 2 scrolls of vulnerability {unknown}
 m - a scroll of teleportation {unknown}
 r - a scroll of enchant armour {unknown}
 s - a scroll of blinking {unknown}
Potions
 d - 3 potions of might
 e - 3 potions of heal wounds {unknown}
 f - a potion of magic {unknown}
 n - 2 potions of curing {unknown}
 o - a potion of haste {unknown}
 p - a potion of ambrosia {unknown}
 q - a potion of flight {unknown}


   Skills:
 + Level 4.5 Fighting
 + Level 3.4 Maces & Flails
 + Level 4.6 Armour
 + Level 4.5 Shields


You had 5 spell levels left.
You didn't know any spells.
Your spell library contained the following spells:

 Spells                   Type           Power      Damage    Failure   Level
 Poisonous Vapours        Pois/Air       0%         N/A       91%         2
 Ignite Poison            Fire/Tmut/Pois 0%         N/A       99%         3
 Kindle Blastsparks       Fire/Tloc/Air  0%         2d10      99%         3
 Mephitic Cloud           Conj/Pois/Air  0%         N/A       99%         3
 Ozocubu's Armour         Ice            0%         N/A       99%         3
 Vhi's Electric Charge    Tloc/Air       0%         N/A       99%         3
 Arcjolt                  Conj/Air       0%         1d10      100%        5
 Freezing Cloud           Conj/Ice/Air   0%         6-21      100%        5
 Conjure Ball Lightning   Conj/Air       0%         3x3d6     100%        6
 Ozocubu's Refrigeration  Ice            0%         4d7       100%        7
 Discord                  Hex            0%         N/A       100%        8
 Disjunction              Tloc           0%         N/A       100%        8
 Maxwell's Capacitive Co  Air            0%         ∞         100%        8
 Cigotuvi's Dreadful Rot  Necr/Pois/Air  Unusable   N/A       N/A         2

Dungeon Overview and Level Annotations

Branches:
Dungeon (3/15)

Altars:

Annotations:
D:2 1 runed translucent door, Crazy Yiuf
D:3 Natasha


Innate Abilities, Weirdness & Mutations

You are immune to sickness and miasma.
Your stone body is resilient. (AC +4)
You are immune to poison.
You resist negative energy. (rN+)
You are resistant to electric shocks. (rElec)
You are resistant to unholy torment.
You are immune to petrification.


Message History

You closely miss the shadow imp.
The jackal skeleton bites the withered plant.
The shadow imp gestures at you. Pain shoots through your body!
The scorpion zombie hits the withered plant.
Natasha completely misses the withered plant.
The jackal skeleton bites the withered plant.
You closely miss the shadow imp.
The withered plant crumbles away. x2
The shadow imp hits you but does no damage.
Natasha casts a spell at you. The magic dart hits you.
* * * LOW HITPOINT WARNING * * *
The shadow imp hits you but does no damage.
The scorpion zombie hits the withered plant.
The withered plant begins to crumble.
You closely miss Natasha.
The shadow imp disappears in a puff of smoke!
Natasha closely misses you. The hound zombie bites you.
* * * LOW HITPOINT WARNING * * *
The giant cockroach simulacrum bites the withered plant.
The giant cockroach simulacrum freezes the withered plant.
You block Natasha's attack. The hound zombie closely misses you.
The hound zombie attacks as you move away!
The hound zombie bites you.
* * * LOW HITPOINT WARNING * * *
The withered plant crumbles away.
Natasha casts a spell.
The hound zombie barely misses you.
The giant cockroach simulacrum attacks as you move away!
You block the giant cockroach simulacrum's attack.
Natasha barely misses you. Natasha attacks as you move away! Natasha claws you.
* * * LOW HITPOINT WARNING * * *
Natasha mumbles some strange words.
Natasha closely misses you.
The crimson imp hits you but does no damage.
Natasha barely misses you.
You closely miss Natasha.
The crimson imp blinks!
Natasha barely misses you.
The crimson imp blinks!
Natasha claws you!
You die...

#....####....#
P..) #....#
#.†...# ♣♣....
##...#
#.###.######♣....
#...#
#.#.....5..♣♣...
#...#
#.#.......#♣...♣
#####
#....####.#♣...♣
###### #.#♣Z..♣
#.#♣Z5Z♣ #@#5..♣♣
#§hZZ♣♣ ######


You could see Natasha, a crimson imp (summoned), a hound zombie and a scorpion
zombie.

Vanquished Creatures
  A sky beast (D:3)
  A jelly (D:2)
  5 adders
  3 dart slugs
  3 worms
  An orc (D:2)
  13 endoplasms
  3 giant cockroaches
  7 hobgoblins
  10 kobolds
  4 ball pythons (D:1)
  A frilled lizard (D:1)
  2 goblins
  5 rats
59 creatures vanquished.

Vanquished Creatures (others)
  4 fungi (D:2)
  6 toadstools (D:2)
  12 withered plants (D:3)
22 creatures vanquished.

Grand Total: 81 creatures vanquished

Notes
Turn   | Place    | Note
-------+----------+-------------------------------------------
     0 | D:1      | Dittersdorf the Gargoyle Fighter began the quest for the
                  | Orb.
     0 | D:1      | Reached XP level 1. HP: 14/14 MP: 1/1
   254 | D:1      | Reached XP level 2. HP: 12/19 MP: 2/2
   342 | D:1      | You fall into a shaft and drop 1 floor!
   675 | D:1      | Found a faded altar of an unknown god.
  1001 | D:1      | Reached XP level 3. HP: 21/24 MP: 3/3
  1316 | D:2      | Reached XP level 4. HP: 23/29 MP: 4/4
  1550 | D:2      | Found a runed translucent door.
  1551 | D:2      | Noticed Crazy Yiuf
  1933 | D:2      | Reached XP level 5. HP: 9/33 MP: 5/5
  2164 | D:3      | Noticed a sky beast
  2201 | D:3      | Killed a sky beast
  2427 | D:3      | Reached XP level 6. HP: 35/39 MP: 6/6
  2653 | D:3      | Noticed Natasha
  2678 | D:3      | Slain by Natasha

Illustrated notes

Levels and vault maps discovered:
D:1:      dpeg_arrival_windows_large_door, layout_basic,
          nicolae_ecumenical_snake_handling
D:2:      cheibrodos_fertilizer, layout_rooms, minmay_door_square,
          uniq_crazy_yiuf_cottage
D:3:      layout_basic, dilly_guarded_unrand_morg

Skill      XL: |  1  2  3  4 |
---------------+-------------+-----
Fighting       | 4 |  4.5
Armour         | 4 |  4.6
Shields        | 4 |  4.5
Maces & Flails | 3 |  3.4

Action                     |  1- 3 |  4- 6 || total
---------------------------+-------+-------++-------
  Melee: Flail             |   107 |   159 ||   266
 Armour: Scale mail        |    49 |   126 ||   175
  Dodge: Dodged            |    48 |    76 ||   124
  Block: Buckler           |    21 |    42 ||    63

Table legend: (Time is in decaauts)
 A = Elapsed time spent in this place.
 B = Non-inter-level travel time spent in this place.
 C = Inter-level travel time spent in this place.
 D = Time resting spent in this place.
 E = Time spent auto-exploring this place.
 F = Levels seen in this place.
 G = Mean time per level.
                   A        B        C        D        E       F      G
               +--------+--------+--------+--------+--------+-----+--------+
         Total |   2769 |   2659 |    110 |    168 |   1898 |   3 |  923.0 |
       Dungeon |   2769 |   2659 |    110 |    168 |   1898 |   3 |  923.0 |
               +--------+--------+--------+--------+--------+-----+--------+

Top non-repeatable levels by time:
     D:2: 1034 daAuts
     D:1: 1003 daAuts
     D:3: 732 daAuts
